 Dungeon Crawl Stone Soup version 0.23.2-30-g0e89c35 (webtiles) character file.

Game seed: 9485161330622498114

133306 ECpl the Peltast (level 16, -12/151 HPs)
             Began as a Minotaur Fighter on June 14, 2019.
             Was the Champion of Trog.
             Mangled by an emperor scorpion (17 damage)
             ... on level 4 of the Spider Nest.
             The game lasted 01:50:04 (31451 turns).

ECpl the Peltast (Minotaur Fighter)                Turns: 31451, Time: 01:50:04

Health: -12/151    AC: 27    Str: 30      XL:     16   Next: 59%
Magic:  0/15       EV:  9    Int:  4 (5)  God:    Trog [******]
Gold:   1985       SH: 16    Dex:  6      Spells: 15/15 levels left

rFire    . . .     SeeInvis .   a - +7 double sword (slice)
rCold    . . .     Gourm    .   c - +0 shield
rNeg     + . .     Faith    .   x - +2 plate armour {MR+}
rPois    +         Spirit   .   q - +4 hat of Beottalu {+Fly rN+ Dex-5}
rElec    .         Reflect  .   z - +0 cloak
rCorr    .         Harm     .   C - +0 pair of gloves {Str+3}
MR       ++...                  (no boots)
Stlth    ..........             A - amulet of regeneration
HPRegen  0.75/turn              m - +3 ring of protection
MPRegen  0.14/turn              F - ring of poison resistance

@: about to teleport
A: retaliatory headbutt, horns 2
a: Berserk, Trog's Hand, Brothers in Arms, Renounce Religion, Evoke Flight


You were on level 4 of the Spider Nest.
You worshipped Trog.
Trog was exalted by your worship.
You were hungry.

You visited 7 branches of the dungeon, and saw 28 of its levels.

You collected 2585 gold pieces.
You spent 600 gold pieces at shops.

Inventory:

Hand Weapons
 a - a +7 double sword of slicing (weapon)
 b - the +4 demon blade "Vatonwio" {flame, rC+ rN+ Str+2}
   (Trog gifted it to you on level 12 of the Dungeon)

   It has been specially enchanted to burn those struck by it, causing extra
   injury to most foes and up to half again as much damage against particularly
   susceptible opponents.
   Big, fiery blades are also staple armaments of hydra-hunters.
   It affects your strength (+2).
   It protects you from cold.
   It protects you from negative energy.
Missiles
 w - 51 tomahawks (quivered)
Armour
 c - a +0 shield (worn)
 q - the +4 hat of Beottalu (worn) {+Fly rN+ Dex-5}
   (You found it on level 1 of the Orcish Mines)

   It affects your dexterity (-5).
   It protects you from negative energy.
   It lets you fly.
 x - a +2 plate armour of magic resistance (worn)
 z - a +0 cloak (worn)
 B - a +0 large shield
 C - a +0 pair of gloves of strength (worn)
 P - the +3 plate armour "Zugodiec" {rN+ Int+3}
   (You found it on level 4 of the Spider Nest)

   It affects your intelligence (+3).
   It protects you from negative energy.
Jewellery
 m - a +3 ring of protection (left hand)
 A - an amulet of regeneration (around neck)
 F - a ring of poison resistance (right hand)
 H - an uncursed ring of positive energy
 V - an uncursed ring of protection from cold
Wands
 G - a wand of flame (54)
 N - a wand of polymorph (10)
 O - a wand of disintegration (17)
 Q - a wand of scattershot (3)
 T - a wand of acid (7)
 W - a wand of enslavement (18)
 X - a wand of iceblast (27)
Scrolls
 h - 3 scrolls of enchant armour
 l - 9 scrolls of enchant weapon
 o - 9 scrolls of teleportation
 p - 6 scrolls of remove curse
 r - a scroll of blinking
 u - 5 scrolls of immolation
 y - 4 scrolls of fog
 I - a scroll of vulnerability {unknown}
 J - a scroll of noise {unknown}
 K - a scroll of torment {unknown}
 L - 5 scrolls of fear
 M - a scroll of summoning {unknown}
 R - a scroll of holy word {unknown}
 U - 3 scrolls of magic mapping
 Z - a scroll of silence {unknown}
Potions
 d - 4 potions of might
 e - 4 potions of magic
 g - 4 potions of heal wounds
 i - 12 potions of curing
 j - 2 potions of invisibility
 k - 4 potions of mutation
 n - 6 potions of lignification
 t - 8 potions of haste
 v - 4 potions of berserk rage
 D - a potion of experience {unknown}
 E - 3 potions of agility
 S - 2 potions of resistance
 Y - 4 potions of flight {unknown}
Comestibles
 f - 43 rations


   Skills:
 - Level 16.0 Fighting
 - Level 17.7 Long Blades
   Level 10.1 Axes
 - Level 11.0 Armour
 + Level 5.7 Dodging
 + Level 20.2 Shields


You had 15 spell levels left.
You didn't know any spells.
Your spell library was empty.

Dungeon Overview and Level Annotations

Branches:
Dungeon (15/15)            Temple (1/1) D:5            Lair (4/6) D:10
  Swamp (1/4) Lair:4       Spider (4/4) Lair:4          Orc (2/2) D:10
    Elf (1/3) Orc:2        Vaults (0/5) D:13         Depths (0/5) D:15

Altars:
Ashenzari
Cheibriados
Dithmenos
Elyvilon
Fedhas
Gozag
Hepliaklqana
Kikubaaqudgha
Makhleb
Nemelex Xobeh
Okawaru
Qazlal
Ru
Sif Muna
Trog
Uskayaw
Vehumet
Wu Jian
Xom
Yredelemnul
Zin
The Shining One
Beogh

Shops:
D:8 ?   D:10 }?:[   D:13 *((   Orc:1 *   Orc:2 }=?:


Innate Abilities, Weirdness & Mutations

You reflexively headbutt those who attack you in melee.
You have a pair of horns on your head.


Message History

You block the emperor scorpion's attack.
The emperor scorpion claws you but does no damage.
The emperor scorpion claws you!
* * * LOW HITPOINT WARNING * * *
As you read the scroll of teleportation, it crumbles to dust.
You feel strangely unstable.
You block the emperor scorpion's attack. x2
The emperor scorpion claws you but does no damage.
The emperor scorpion stings you but does no damage.
The emperor scorpion barely misses you.
The emperor scorpion claws you but does no damage.
The emperor scorpion stings you.
* * * LOW HITPOINT WARNING * * *
You block the emperor scorpion's attack.
The emperor scorpion claws you but does no damage.
You hear an angry buzzing noise.
The emperor scorpion stings you but does no damage.
You block the emperor scorpion's attack.
The emperor scorpion claws you!
You die...

#≈..#..# ..y ...+ #.≈
#≈^.#### y. ...# ##..
##..≈## .##.. ###...
##≈..## #'y# ##≈.... #≈...#
##y.# #.....# ###≈...##
#s..#####.^..≈≈
##.##...≈###.y##s†#≈^..#≈≈
##..≈≈≈^..≈##yy##^...^.####
#...≈≈≈#..@ss.y..≈≈.[###
###≈≈#######.y..^##### ####
###.≈≈# #####


You could see 2 emperor scorpions, a spark wasp and 3 hornets.

Vanquished Creatures
  Arachne (Spider:3)
  Frances (D:12)
  Kirke (Spider:4)
  2 orc warlords (Orc:2)
  5 ghost moths
  2 emperor scorpions
  An entropy weaver (Spider:3)
  The ghost of xraymikek the Cleaver, a journeyman MiFi of Ru (Orc:1)
  A spark wasp (Spider:4)
  10 hydras
  Fannar (Orc:1)
  4 centaur warriors
  11 death yaks
  5 two-headed ogres
  A dancing weapon (Elf:1)
  2 tengu warriors (D:14)
  5 orc high priests (Orc:2)
  Nergalle (D:11)
  Pikel (D:8)
  A necromancer (D:13)
  9 orc knights
  3 ugly things
  4 deep elf magi
  A mana viper (shapeshifter) (D:15)
  24 wolf spiders
  6 cyclopes
  3 orc sorcerers (Orc:1)
  7 orb spiders
  A salamander (D:15)
  A salamander (shapeshifter) (D:13)
  2 moths of wrath
  3 elephants (Lair:3)
  A manticore (D:12)
  3 black mambas
  A torpor snail (Spider:3)
  3 gargoyles
  A rime drake (Lair:4)
  7 spiny frogs
  8 demonic crawlers
  5 komodo dragons
  3 meliai (D:15)
  A queen bee (D:15)
  30 jumping spiders
  9 trolls
  14 blink frogs
  2 slime creatures (D:15)
  2 hornets
  3 hippogriffs
  3 bog bodies (Lair:4)
  Prince Ribbit (D:8)
  2 dream sheep (D:9)
  A slime creature (shapeshifter) (D:10)
  60 redbacks
  34 yaks
  30 tarantellas
  A wraith (D:15)
  9 wyverns
  Eustachio (D:6)
  A vampire (D:12)
  A basilisk (D:11)
  Grum (D:8)
  2 hungry ghosts
  A swamp worm (Lair:4)
  4 wargs
  7 vampire mosquitoes
  A soldier ant (D:13)
  8 water moccasins
  11 porcupines
  2 black bears
  2 sky beasts
  48 orc warriors
  Duvessa (D:4)
  A slave (D:8)
  5 ice beasts
  A phantom (D:4)
  A necrophage (D:6)
  15 ogres
  5 centaurs
  7 wolves
  10 crocodiles
  6 big kobolds
  16 bullfrogs
  Dowan (D:4)
  A wyvern skeleton (D:11)
  4 scorpions
  28 killer bees
  14 wights
  4 howler monkeys
  4 electric eels
  18 crimson imps
  3 centaur zombies
  8 jellies
  A quasit (D:9)
  7 hounds
  28 orc priests
  A bullfrog skeleton (D:13)
  8 iguanas
  28 orc wizards
  9 worker ants
  A hound zombie (D:6)
  2 hound skeletons
  Robin (D:3)
  A howler monkey skeleton (D:6)
  13 adders
  4 shadow imps
  A white imp (D:11)
  An ooze (D:7)
  3 worms (Lair:4)
  A dart slug (D:1)
  5 leopard geckos
  113 orcs
  2 ball pythons
  9 bats
  4 giant cockroaches
  7 hobgoblins
  8 jackals
  22 kobolds
  6 quokkas
  2 frilled lizards
  15 goblins
  A quokka skeleton (D:9)
  10 rats
  A bush (D:14)
913 creatures vanquished.

Vanquished Creatures (others)
  3 slaves (D:8)
  An adder (D:8)
  An adder zombie (D:8)
  3 orcs (D:8)
  2 fungi (Lair:3)
  A plant (Lair:3)
  5 toadstools (D:1)
16 creatures vanquished.

Grand Total: 929 creatures vanquished

Notes
Turn   | Place    | Note
-------+----------+-------------------------------------------
     0 | D:1      | ECpl the Minotaur Fighter began the quest for the Orb.
     0 | D:1      | Reached XP level 1. HP: 19/19 MP: 0/0
    92 | D:1      | Reached skill level 4 in Shields
   166 | D:1      | Reached XP level 2. HP: 23/26 MP: 1/1
   473 | D:2      | Reached skill level 5 in Shields
   478 | D:2      | Reached XP level 3. HP: 28/31 MP: 2/2
   723 | D:2      | Found a shadowy altar of Dithmenos.
   766 | D:2      | Reached XP level 4. HP: 39/39 MP: 3/3
   784 | D:2      | Reached skill level 6 in Shields
  1153 | D:2      | Found a glowing golden altar of the Shining One.
  1887 | D:3      | Noticed Robin
  1888 | D:3      | Reached XP level 5. HP: 45/45 MP: 4/4
  1898 | D:3      | Reached skill level 7 in Shields
  1904 | D:3      | Killed Robin
  2450 | D:4      | Found a deep blue altar of Sif Muna.
  2455 | D:4      | Noticed Duvessa
  2464 | D:4      | Noticed Dowan
  2468 | D:4      | Killed Duvessa
  2468 | D:4      | Reached XP level 6. HP: 52/55 MP: 5/5
  2475 | D:4      | Killed Dowan
  2475 | D:4      | Reached skill level 5 in Fighting
  2591 | D:4      | Reached XP level 7. HP: 60/64 MP: 6/6
  3071 | D:4      | Found an opulent altar of Gozag.
  3381 | D:5      | Entered Level 5 of the Dungeon
  3445 | D:5      | Found a staircase to the Ecumenical Temple.
  3451 | Temple   | Entered the Ecumenical Temple
  3663 | Temple   | Became a worshipper of Trog the Wrathful
  4098 | D:5      | Noticed Prince Ribbit
  4343 | D:5      | Found a sacrificial altar of Ru.
  4375 | D:5      | Found a hazy altar of Hepliaklqana.
  4490 | D:5      | Reached skill level 5 in Axes
  4764 | D:6      | Noticed Eustachio
  4838 | D:6      | Killed Eustachio
  4838 | D:6      | Reached XP level 8. HP: 63/74 MP: 7/7
  5197 | D:6      | Found a radiant altar of Vehumet.
  5350 | D:6      | Found an iron altar of Okawaru.
  5621 | D:7      | Reached skill level 8 in Shields
  5658 | D:7      | Reached XP level 9. HP: 61/81 MP: 8/8
  5892 | D:7      | Reached * piety under Trog
  5921 | D:7      | Reached skill level 10 in Axes
  5921 | D:7      | Reached skill level 9 in Shields
  6031 | D:7      | Found a hide-covered altar of Uskayaw.
  6265 | D:7      | Found an ornate altar of the Wu Jian Council.
  6468 | D:8      | Reached skill level 1 in Long Blades
  6495 | D:8      | Noticed Pikel
  6518 | D:8      | Killed Pikel
  6518 | D:8      | Reached skill level 10 in Shields
  7012 | D:8      | Reached skill level 5 in Long Blades
  7509 | D:8      | Noticed Grum
  7642 | D:7      | Reached ** piety under Trog
  7860 | D:8      | Noticed a green ugly thing
  7873 | D:8      | Killed a green ugly thing
  7873 | D:8      | Reached skill level 11 in Shields
  7873 | D:8      | Reached XP level 10. HP: 69/88 MP: 9/9
  8200 | D:8      | Identified Xufumm's Collected Works on Gliding Execration
  8276 | D:8      | Killed Grum
  8348 | D:8      | Killed Prince Ribbit
  8647 | D:8      | Found a burning altar of Makhleb.
  8700 | D:8      | Noticed a two-headed ogre
  8707 | D:8      | Killed a two-headed ogre
  9209 | D:8      | Found Wesmej's Magic Scroll Shop.
  9213 | D:8      | Bought a scroll of identify for 28 gold pieces
  9213 | D:8      | Bought a scroll of identify for 28 gold pieces
  9213 | D:8      | Bought a scroll of teleportation for 42 gold pieces
  9711 | D:9      | Found a stormy altar of Qazlal.
  9883 | D:9      | Reached skill level 10 in Long Blades
  9888 | D:9      | Reached skill level 12 in Shields
 10103 | D:9      | Found a shimmering altar of Xom.
 10112 | D:9      | Noticed a two-headed ogre
 10160 | D:10     | Entered Level 10 of the Dungeon
 10168 | D:10     | Noticed a gargoyle
 10182 | D:10     | Killed a gargoyle
 10182 | D:10     | Reached XP level 11. HP: 20/94 MP: 10/10
 10565 | D:10     | Reached *** piety under Trog
 11148 | D:10     | Found Xeedy's Magic Scroll Emporium.
 11162 | D:10     | Bought a scroll of identify for 28 gold pieces
 11162 | D:10     | Bought a scroll of identify for 28 gold pieces
 11162 | D:10     | Bought a scroll of identify for 28 gold pieces
 11165 | D:10     | Noticed a death yak
 11165 | D:10     | Noticed a death yak
 11165 | D:10     | Noticed a death yak
 11165 | D:10     | Noticed a death yak
 11165 | D:10     | Noticed a death yak
 11177 | D:10     | Noticed a death yak
 11235 | D:10     | Killed a death yak
 11235 | D:10     | Reached skill level 13 in Shields
 11242 | D:10     | Killed a death yak
 11254 | D:10     | Killed a death yak
 11392 | D:10     | Noticed a two-headed ogre
 11399 | D:10     | Killed a two-headed ogre
 11438 | D:10     | Found Piakhigirgh's Armour Shop.
 11572 | D:10     | Found Xiogh's Gadget Shop.
 11665 | D:10     | Found a staircase to the Orcish Mines.
 11736 | D:10     | Found a staircase to the Lair.
 11802 | D:10     | Noticed an anaconda
 11812 | D:10     | an anaconda changed into a slime creature
 11812 | D:10     | Noticed a death yak
 11820 | D:10     | Noticed a death yak
 11823 | D:10     | Killed a death yak
 11848 | D:11     | Killed a death yak
 11848 | D:11     | Reached skill level 14 in Shields
 11855 | D:11     | Killed a death yak
 11960 | D:10     | Killed a death yak
 11973 | D:10     | Killed a death yak
 12080 | D:9      | Found a basalt altar of Yredelemnul.
 12228 | D:9      | Reached **** piety under Trog
 12228 | D:9      | Reached XP level 12. HP: 102/102 MP: 11/11
 12359 | D:9      | Killed a two-headed ogre
 12692 | D:9      | Noticed a three-headed hydra
 12715 | D:9      | Killed a six-headed hydra
 12715 | D:9      | Reached skill level 15 in Shields
 12940 | D:10     | Found Xuoxoenn's Book Shoppe.
 13291 | D:11     | Noticed Nergalle
 13304 | D:11     | Killed Nergalle
 13949 | D:11     | Noticed a four-headed hydra
 13962 | D:11     | Killed an eight-headed hydra
 13962 | D:11     | Reached skill level 15 in Long Blades
 14026 | D:11     | Noticed a six-headed hydra
 14032 | D:11     | Killed an eight-headed hydra
 14241 | D:11     | Noticed a centaur warrior
 14252 | D:11     | Killed a centaur warrior
 14334 | D:11     | Reached ***** piety under Trog
 14669 | D:12     | Noticed Frances
 14770 | Lair:1   | Entered Level 1 of the Lair of Beasts
 15142 | Lair:1   | Reached XP level 13. HP: 94/107 MP: 12/12
 16370 | Lair:3   | Received a gift from Trog
 17267 | Lair:4   | Reached skill level 10 in Fighting
 17375 | Lair:4   | Found a hole to the Spider Nest.
 17396 | Lair:4   | Reached skill level 16 in Shields
 18114 | Lair:4   | Found a staircase to the Swamp.
 18129 | Swamp:1  | Entered Level 1 of the Swamp
 18576 | D:12     | Killed Frances
 18705 | D:12     | Reached XP level 14. HP: 124/124 MP: 13/13
 18996 | D:12     | Received a gift from Trog
 19011 | D:12     | Got a scorched demon blade {god gift}
 19012 | D:12     | Identified the +4 demon blade "Vatonwio" {flame, rC+ rN+
                  | Str+2} (Trog gifted it to you on level 12 of the Dungeon)
 19290 | D:13     | Found Zuuvaj's Assorted Antiques.
 19484 | D:13     | Found Bus Coy's Weapon Boutique.
 19548 | D:13     | Reached skill level 5 in Armour
 19585 | D:13     | Found Necaotol's Antique Weapon Shop.
 19604 | D:13     | Bought a transparent long sword for 170 gold pieces
 19657 | D:13     | Identified the +11 long sword "Xulev" {elec, *Rage Int+9
                  | Stlth+} (You bought it in a shop on level 13 of the
                  | Dungeon)
 19989 | D:13     | Found a gate to the Vaults.
 20302 | D:14     | Reached skill level 17 in Shields
 20877 | D:14     | Received a gift from Trog
 21128 | D:15     | Entered Level 15 of the Dungeon
 21148 | D:15     | Found a snail-covered altar of Cheibriados.
 21882 | D:15     | Found a staircase to the Depths.
 22511 | Orc:1    | Entered Level 1 of the Orcish Mines
 22563 | Orc:1    | Found Ymulyez's Mayhem Merchandise.
 22566 | Orc:1    | Paralysed by an orc sorcerer for 6 turns
 22862 | Orc:1    | Found a runed translucent gate.
 22862 | Orc:1    | Noticed xraymikek's ghost (journeyman MiFi)
 22863 | Orc:1    | Found a runed translucent gate.
 22863 | Orc:1    | Noticed Fannar
 22890 | Orc:1    | Killed Fannar
 22908 | Orc:1    | Found a runed translucent gate.
 22908 | Orc:1    | Found a roughly hewn altar of Beogh.
 22915 | Orc:1    | Identified the +8 hand crossbow of the Slime-mould {flame,
                  | MP+9}
 23145 | Orc:1    | Killed xraymikek's ghost
 23650 | Orc:1    | Got a warped hat
 23656 | Orc:1    | Identified the +4 hat of Beottalu {+Fly rN+ Dex-5} (You
                  | found it on level 1 of the Orcish Mines)
 23686 | Orc:2    | Entered Level 2 of the Orcish Mines
 23688 | Orc:2    | Found a roughly hewn altar of Beogh.
 23693 | Orc:2    | Reached ****** piety under Trog
 23693 | Orc:2    | Received a gift from Trog
 23709 | Orc:2    | Noticed an orc warlord
 23998 | Orc:2    | Killed an orc warlord
 23998 | Orc:2    | Reached XP level 15. HP: 126/136 MP: 14/14
 24213 | Orc:2    | Found a staircase to the Elven Halls.
 24313 | Orc:2    | Noticed an orc warlord
 24452 | Orc:2    | Killed an orc warlord
 24724 | Orc:2    | Received a gift from Trog
 24740 | Orc:2    | Reached skill level 18 in Shields
 25176 | Orc:2    | Found Seajov's Book Shop.
 25176 | Orc:2    | Found Ycvatob's Gadget Shop.
 25177 | Orc:2    | Found Hiumihyr's Magic Scroll Shop.
 25177 | Orc:2    | Found Neosec's Jewellery Boutique.
 25185 | Orc:2    | Bought a scroll of identify for 28 gold pieces
 25187 | Orc:2    | Bought an uncursed ring of poison resistance for 220 gold
                  | pieces
 25277 | Elf:1    | Entered Level 1 of the Elven Halls
 25292 | Elf:1    | Reached skill level 10 in Armour
 25514 | Spider:1 | Entered Level 1 of the Spider Nest
 26646 | Spider:1 | Received a gift from Trog
 27260 | Spider:2 | Killed a ghost moth
 27897 | Spider:3 | Received a gift from Trog
 28157 | Spider:3 | Reached skill level 15 in Fighting
 28322 | Spider:2 | Reached skill level 19 in Shields
 28603 | Spider:3 | Killed a ghost moth
 28614 | Spider:3 | Noticed Arachne
 28802 | Spider:3 | Killed Arachne
 28802 | Spider:3 | Reached XP level 16. HP: 121/149 MP: 15/15
 29054 | Spider:3 | Received a gift from Trog
 29495 | Spider:3 | Reached skill level 1 in Dodging
 29858 | Spider:4 | Entered Level 4 of the Spider Nest
 29869 | Spider:4 | Noticed Kirke
 29877 | Spider:4 | Killed Kirke
 30525 | Spider:4 | Reached skill level 20 in Shields
 31091 | Spider:4 | Reached skill level 5 in Dodging
 31227 | Spider:4 | Got a bloodstained plate armour
 31228 | Spider:4 | Identified the +3 plate armour "Zugodiec" {rN+ Int+3} (You
                  | found it on level 4 of the Spider Nest)
 31450 | Spider:4 | HP: 4/151 [emperor scorpion (4)]
 31451 | Spider:4 | Mangled by an emperor scorpion

Skill      XL: |  1  2  3  4  5  6  7  8  9 10 11 12 13 14 15 16 |
---------------+-------------------------------------------------+-----
Shields        | 4 5 6 7 8 11 12 14 15 16 17 19 20 | 20.2
Fighting       | 4 6 8 11 13 15 16 | 16.0
Axes           | 4 6 9 10 | 10.1
Long Blades    | 6 10 13 16 17 | 17.7
Armour         | 8 11 | 11.0
Dodging        | 5 |  5.7

Action                   |  1- 3 |  4- 6 |  7- 9 | 10-12 | 13-15 | 16-18 || total
-------------------------+-------+-------+-------+-------+-------+-------++-------
Melee: War axe           |    63 |   124 |   214 |       |       |       ||   401
       Headbutt          |     5 |    29 |    54 |   156 |   289 |    61 ||   594
       Short sword       |       |     7 |       |       |       |       ||     7
       Long sword        |       |       |   129 |   596 |   141 |       ||   866
       Great sword       |       |       |       |    57 |       |       ||    57
       Double sword      |       |       |       |       |  1201 |   243 ||  1444
       Demon blade       |       |       |       |       |    57 |       ||    57
Throw: Tomahawk          |       |     2 |     5 |     3 |     8 |       ||    18
Invok: Berserk           |       |       |       |     2 |     3 |       ||     5
Evoke: Wand              |       |       |       |       |     4 |       ||     4
  Use: Scroll            |       |     3 |     2 |     9 |    11 |     6 ||    31
       Potion            |       |       |       |       |     3 |     2 ||     5
 Stab: Distracted        |       |       |     1 |       |       |       ||     1
  Eat: Ration            |       |     2 |     4 |     5 |     8 |     1 ||    20
       Chunk             |       |       |     3 |    10 |    20 |     4 ||    37
Armor: Scale mail        |    31 |    70 |    59 |       |       |       ||   160
       Plate armour      |       |       |   159 |   327 |   937 |   295 ||  1718
Dodge: Dodged            |    20 |    53 |   105 |   141 |   384 |    92 ||   795
Block: Shield            |    35 |   102 |   275 |   381 |  1069 |   259 ||  2121
       Rpst.: Long sword |       |       |     4 |    31 |     7 |       ||    42
       Great sword       |       |       |       |     4 |       |       ||     4
       Double sword      |       |       |       |       |    61 |    18 ||    79
       Demon blade       |       |       |       |       |     1 |       ||     1
